 Dungeon Sprint DCSS version 0.21.2 (webtiles) character file.

60100 Fang the Slayer (level 14, 0/114 HPs)
             Began as a Gargoyle Berserker on Dec 20, 2018.
             Was the Champion of Trog.
             Splashed by an acid blob's acid (6 damage)
             ... in the Dungeon (Sprint VII: "The Pits").
             The game lasted 00:12:10 (3134 turns).

Fang the Slayer (Gargoyle Berserker)                Turns: 3134, Time: 00:12:11

Health: 0/114      AC: 45    Str: 27    XL:     14   Next: 97%
Magic:  4/16       EV: 13    Int:  8    God:    Trog [******]
Gold:   40         SH:  0    Dex: 13    Spells: 13/13 levels left

rFire    + . .     SeeInvis .   b - +4 battleaxe (flame)
rCold    . . .     Gourm    .   (shield currently unavailable)
rNeg     + + .     Faith    .   z - +9 plate armour of Ogufopn {rF+ rCorr}
rPois    ∞         Spirit   .   w - +0 helmet
rElec    +         Reflect  .   y - +2 ratskin cloak {+Rats rPois rN+ Str-1 Int-1 Dex+1}
rCorr    +         Harm     .   M - +1 pair of gloves {Dex+3}
MR       +....     NoTele   +   (no boots)
Stlth    ..........             (no amulet)
HPRegen  0.29/turn              s - +3 ring of strength
MPRegen  0.15/turn              u - +3 ring of protection

@: corroded, berserk cooldown, slowed, studying Invocations, very slow
A: big wings, negative energy resistance 1, electricity resistance, unbreathing,
petrification resistance, rot immunity, AC +10
a: Fly, Berserk, Trog's Hand, Brothers in Arms, Burn Spellbooks, Renounce
Religion, Evoke Ratskin


You were in the Dungeon.
You worshipped Trog.
Trog was exalted by your worship.
You were not hungry.

You visited 1 branch You collected 40 gold pieces.

Inventory:

Hand Weapons
 b - a +4 battleaxe of flaming (weapon)
 j - a +2 hand axe of electrocution
 m - a +2 hand axe of freezing
 p - a +4 battleaxe of freezing
 v - a +2 war axe of chopping
 F - a +6 antimagic war axe
 J - a +3 antimagic executioner's axe
 P - a +2 antimagic executioner's axe
Armour
 n - a +10 plate armour of ponderousness
 w - a +0 helmet (worn)
 x - a +4 chain mail
 y - the +2 ratskin cloak (worn) {+Rats rPois rN+ Str-1 Int-1 Dex+1}
   (You found it in the Dungeon)

   It affects your strength (-1).
   It affects your intelligence (-1).
   It affects your dexterity (+1).
   It protects you from poison.
   It protects you from negative energy.
 z - the +9 plate armour of Ogufopn (worn) {rF+ rCorr}
   (You found it in the Dungeon)

   It protects you from fire.
   It protects you from acid and corrosion.
 M - a +1 pair of gloves of dexterity (worn)
Jewellery
 s - a +3 ring of strength (left hand)
 u - a +3 ring of protection (right hand)
 D - an uncursed ring of positive energy
 G - an uncursed ring of ice
 N - a +2 amulet of reflection
Wands
 q - a wand of scattershot (4)
Scrolls
 i - a scroll of blinking
 k - 7 scrolls of remove curse
 l - a scroll of summoning
 A - 4 scrolls of enchant weapon
 B - a scroll of fog
 C - 2 scrolls of enchant armour
 E - 2 scrolls of identify
Potions
 a - 2 potions of invisibility
 d - 3 potions of curing
 e - 6 potions of heal wounds
 f - 3 potions of haste
 g - 5 potions of magic
 h - 7 potions of berserk rage
 o - a potion of brilliance
 r - a potion of resistance {unknown}
 t - 3 potions of agility
Books
 H - the Reference Book on the Fiery Mountains
   (You found it in the Dungeon)

   Spells                             Type                      Level
   a - Sandblast                      Earth                        1
   b - Inner Flame                    Hexes/Fire                   3
   c - Leda's Liquefaction            Hexes/Earth                  4
   d - Bolt of Fire                   Conjuration/Fire             6
   e - Statue Form                    Transmutation/Earth          6
   Trog disapproves of the use of such an item.
 I - a book of Dreams

   Spells                             Type                      Level
   a - Ensorcelled Hibernation        Hexes/Ice                    2
   b - Borgnjor's Vile Clutch         Necromancy/Earth             5
   c - Silence                        Hexes/Air                    5
   d - Darkness                       Hexes                        6
   e - Shadow Creatures               Summoning                    6
   Trog disapproves of the use of such an item.
 K - a book of Dreams

   Spells                             Type                      Level
   a - Ensorcelled Hibernation        Hexes/Ice                    2
   b - Borgnjor's Vile Clutch         Necromancy/Earth             5
   c - Silence                        Hexes/Air                    5
   d - Darkness                       Hexes                        6
   e - Shadow Creatures               Summoning                    6
   Trog disapproves of the use of such an item.
 L - a book of Air

   Spells                             Type                      Level
   a - Shock                          Conjuration/Air              1
   b - Swiftness                      Charms/Air                   2
   c - Static Discharge               Conjuration/Air              3
   d - Airstrike                      Air                          4
   e - Lightning Bolt                 Conjuration/Air              5
   Trog disapproves of the use of such an item.
 O - a manual of Invocations
Comestibles
 c - 9 rations


   Skills:
 + Level 23.6 Fighting
 + Level 23.2 Axes
 + Level 18.1 Armour
 + Level 9.2 Dodging
 + Level 4.4 Stealth
 + Level 2.6 Evocations


You had 13 spell levels left.
You didn't know any spells.

Dungeon Overview and Level Annotations

Branches:
Dungeon (1/1)

Altars:
Ashenzari
Cheibriados
Dithmenos
Elyvilon
Fedhas
Gozag
Hepliaklqana
Kikubaaqudgha
Makhleb
Nemelex Xobeh
Okawaru
Qazlal
Ru
Sif Muna
Trog
Uskayaw
Vehumet
Wu Jian
Xom
Yredelemnul
Zin
The Shining One
Beogh
Jiyva
Lugonu


Innate Abilities, Weirdness & Mutations

You are resistant to torment.
Your stone body is resilient. (AC +10)
You are immune to poison.
Your large and strong wings let you fly indefinitely.
You resist negative energy. (rN+)
You are resistant to electric shocks. (rElec)
You can survive without breathing.
You are immune to petrification.
You are immune to rotting.


Message History

Something hits your stone giant but does no damage.
The orc warlord roars a battlecry!
The orc warriors go into a battle-frenzy!
Your stone giant completely misses the blizzard demon.
The blizzard demon hits your stone giant!
The blizzard demon hits your stone giant.
You feel better.
The orc no longer looks unusually strong.
Your stone giant hits the blizzard demon!!!
The blizzard demon dies!
Trog accepts your kill. The acid blob closely misses you.
Something hits your stone giant. The orc warrior misses you.
The orc warlord hits you but does no damage.
The orc warrior hits your stone giant but does no damage.
Your stone giant hits the troll!!
The acid blob spits acid at you. The splash of acid hits you! You resist.
The acid corrodes you!
You are splashed with acid!
The acid burns!
You resist.
You die...

######### ..... #........
........# #........ #....#..#
##+###........ ........#
+.............
........#####....Co.......
#....#..##....###TCoo.....
........##....#.oJ1#o.....
........##....#.@oD# .....
#....#..##)).....###......
........''))..............
........([.†........... ..
''####('############### #
''####''#########################
....##...........................
'##.##....................÷......
).'.##..##############++#########


You could see an orc warlord, a storm dragon, an acid blob, an ettin, an
Executioner, a troll, 3 orc warriors, an orc and a friendly stone giant
(berserk).

Vanquished Creatures
  A greater mummy (D)
  Frederick (D)
  A deep elf blademaster (D)
  A titan (D)
  A deep elf master archer (D)
  2 frost giants (D)
  An angel (D)
  A stone giant (D)
  2 ophanim (D)
  A vampire knight (D)
  A dire elephant (D)
  An eidolon (D)
  An ice dragon (D)
  A spriggan air mage (D)
  A two-headed ogre (D)
  2 alligators (D)
  A dancing weapon (D)
  4 death yaks (D)
  An iron troll (D)
  6 hell knights (D)
  4 skeletal warriors (D)
  A swamp dragon (D)
  Pikel (D)
  A lindwurm (D)
  2 phantasmal warriors (D)
  3 black mambas (D)
  4 elephants (D)
  A moth of wrath (D)
  A guardian serpent (D)
  A manticore (D)
  Joseph (D)
  A rust devil (D)
  A smoke demon (D)
  2 kobold demonologists (D)
  3 efreet (D)
  A merfolk (D)
  A jumping spider (D)
  A wind drake (D)
  A polar bear (D)
  A blink frog (D)
  An air elemental (D)
  2 ynoxinuls (D)
  A tarantella (D)
  2 steam dragons (D)
  4 vampire mosquitoes (D)
  A warg (D)
  A water moccasin (D)
  2 soldier ants (D)
  2 porcupines (D)
  An orc warrior (D)
  2 black bears (D)
  An eye of draining (D)
  An ice beast (D)
  4 wolves (D)
  An earth elemental (D)
  A gnoll sergeant (D)
  A scorpion (D)
  5 killer bees (D)
  A hound (D)
  A jelly (D)
  A worker ant (D)
  A mummy (D)
  6 gnolls (D)
  2 adders (D)
  2 ufetubi (D)
  An ooze (D)
  An adder zombie (D)
  2 orcs (D)
  2 ball pythons (D)
  2 kobolds (D)
  A quokka (D)
  A bat (D)
  A jackal zombie (D)
  A leopard gecko skeleton (D)
  A quokka skeleton (D)
123 creatures vanquished.

Vanquished Creatures (collateral kills)
  A bone dragon (D)
  Polyphemus (D)
  An Executioner (D)
  Agnes (D)
  An orc warlord (D)
  An angel (D)
  A deep elf annihilator (D)
  A green draconian (D)
  An ettin (D)
  A green death (D)
  A blizzard demon (D)
  An anaconda (D)
  A fire crab (D)
  A skeletal warrior (D)
  3 lindwurms (D)
  A phantasmal warrior (D)
  2 deep elf magi (D)
  A wolf spider (D)
  An eye of devastation (D)
  An orange demon (D)
  A komodo dragon (D)
  An ice devil (D)
  A freezing wraith (D)
  4 blink frogs (D)
  A water elemental (D)
  A basilisk (D)
  Grum (D)
  2 wargs (D)
  An eye of draining (D)
  An orc warrior (D)
  2 ogres (D)
  A gnoll sergeant (D)
  An earth elemental (D)
  3 killer bees (D)
  An orc priest (D)
  A gnoll (D)
  An orc (D)
47 creatures vanquished.

Vanquished Creatures (others)
  A vampire knight (D)
  A deep elf death mage (D)
  4 slaves (D)
  A small abomination (D)
  A killer bee (D)
  An orc wizard (D)
  3 gnolls (D)
  An ooze (D)
13 creatures vanquished.

Grand Total: 183 creatures vanquished

Notes
Turn   | Place    | Note
-------+----------+-------------------------------------------
     0 | D        | Fang the Gargoyle Berserker began the quest for the Orb.
     0 | D        | Reached XP level 1. HP: 14/14 MP: 1/1
    56 | D        | Reached ** piety under Trog
    56 | D        | Reached XP level 2. HP: 17/20 MP: 2/2
   102 | D        | Reached skill level 5 in Fighting
   209 | D        | Reached *** piety under Trog
   210 | D        | Reached XP level 3. HP: 25/26 MP: 3/3
   276 | D        | Noticed a black bear
   276 | D        | Noticed a scorpion
   277 | D        | Noticed a warg
   280 | D        | Killed a warg
   280 | D        | Reached **** piety under Trog
   280 | D        | Reached XP level 4. HP: 34/34 MP: 4/4
   280 | D        | Reached XP level 5. HP: 38/38 MP: 5/5
   282 | D        | Killed a black bear
   282 | D        | Reached XP level 6. HP: 45/45 MP: 6/6
   285 | D        | Reached ***** piety under Trog
   333 | D        | Noticed a water moccasin
   341 | D        | Killed a water moccasin
   341 | D        | Reached skill level 5 in Armour
   372 | D        | Received a gift from Trog
   372 | D        | Reached XP level 7. HP: 48/52 MP: 7/7
   408 | D        | Reached skill level 10 in Fighting
   408 | D        | Reached skill level 5 in Dodging
   447 | D        | Noticed Joseph
   459 | D        | Killed Joseph
   459 | D        | Received a gift from Trog
   459 | D        | Reached skill level 10 in Axes
   459 | D        | Reached XP level 8. HP: 60/60 MP: 8/8
   588 | D        | Found a bloodstained altar of Trog.
   588 | D        | Found a deep blue altar of Sif Muna.
   588 | D        | Found a viscous altar of Jiyva.
   588 | D        | Found a hazy altar of Hepliaklqana.
   588 | D        | Found an opulent altar of Gozag.
   589 | D        | Found a glowing golden altar of the Shining One.
   589 | D        | Found a glowing silver altar of Zin.
   589 | D        | Found a basalt altar of Yredelemnul.
   589 | D        | Found a shimmering altar of Xom.
   589 | D        | Found an ornate altar of the Wu Jian Council.
   589 | D        | Found a sacrificial altar of Ru.
   589 | D        | Found a stormy altar of Qazlal.
   589 | D        | Found an iron altar of Okawaru.
   589 | D        | Found a sparkling altar of Nemelex Xobeh.
   589 | D        | Found a burning altar of Makhleb.
   589 | D        | Found a blossoming altar of Fedhas.
   589 | D        | Found a white marble altar of Elyvilon.
   589 | D        | Found a shadowy altar of Dithmenos.
   589 | D        | Found a snail-covered altar of Cheibriados.
   590 | D        | Found a radiant altar of Vehumet.
   590 | D        | Found a corrupted altar of Lugonu.
   590 | D        | Found a roughly hewn altar of Beogh.
   591 | D        | Found a hide-covered altar of Uskayaw.
   591 | D        | Found an ancient bone altar of Kikubaaqudgha.
   591 | D        | Found a shattered altar of Ashenzari.
   621 | D        | Noticed a swamp dragon
   621 | D        | Noticed a kobold demonologist
   634 | D        | Killed a swamp dragon
   640 | D        | Killed a kobold demonologist
   640 | D        | Reached XP level 9. HP: 65/65 MP: 9/9
   710 | D        | Noticed a black mamba
   710 | D        | Noticed a phantasmal warrior
   722 | D        | Noticed Grum
   723 | D        | Killed a phantasmal warrior
   723 | D        | Reached ****** piety under Trog
   725 | D        | Killed a black mamba
   726 | D        | Received a gift from Trog
   728 | D        | Noticed a komodo dragon
   730 | D        | Reached skill level 1 in Stealth
   739 | D        | Noticed a lindwurm
   739 | D        | Killed a komodo dragon
   740 | D        | Killed Grum
   740 | D        | Reached XP level 10. HP: 26/73 MP: 10/10
   742 | D        | Killed a lindwurm
  1024 | D        | Noticed Pikel
  1025 | D        | Noticed a black mamba
  1025 | D        | Noticed a black mamba
  1029 | D        | Received a gift from Trog
  1033 | D        | Killed a black mamba
  1033 | D        | Reached skill level 15 in Axes
  1034 | D        | Killed Pikel
  1034 | D        | Killed a black mamba
  1052 | D        | Noticed an elephant
  1058 | D        | Noticed an elephant
  1060 | D        | Noticed an elephant
  1070 | D        | Received a gift from Trog
  1080 | D        | Killed an elephant
  1083 | D        | Killed an elephant
  1092 | D        | Killed an elephant
  1092 | D        | Received a gift from Trog
  1092 | D        | Reached XP level 11. HP: 54/80 MP: 3/11
  1116 | D        | Noticed a lindwurm
  1125 | D        | Killed a lindwurm
  1125 | D        | Reached skill level 15 in Fighting
  1147 | D        | Received a gift from Trog
  1159 | D        | Noticed a lindwurm
  1170 | D        | Killed a lindwurm
  1182 | D        | Reached skill level 10 in Armour
  1184 | D        | Received a gift from Trog
  1187 | D        | Noticed a deep elf mage
  1194 | D        | Killed a deep elf mage
  1581 | D        | Found the +2 ratskin cloak {+Rats rPois rN+ Str-1 Int-1 Dex+1}
  1597 | D        | Got the +9 plate armour of Ogufopn {rF+ rCorr}
  1713 | D        | Noticed a death yak
  1736 | D        | Killed a death yak
  1739 | D        | Noticed an alligator
  1752 | D        | Received a gift from Trog
  1754 | D        | Noticed a vampire knight
  1756 | D        | Killed an alligator
  1772 | D        | Killed a vampire knight
  1772 | D        | Reached skill level 1 in Evocations
  2017 | D        | Noticed a phantasmal warrior
  2035 | D        | Killed a phantasmal warrior
  2035 | D        | Reached XP level 12. HP: 66/89 MP: 4/12
  2138 | D        | Noticed a hell knight
  2138 | D        | Noticed a hell knight
  2138 | D        | Noticed a two-headed ogre
  2140 | D        | Noticed a hell knight
  2148 | D        | Received a gift from Trog
  2149 | D        | Killed a hell knight
  2150 | D        | Received a gift from Trog
  2154 | D        | Killed a hell knight
  2158 | D        | Killed a two-headed ogre
  2164 | D        | Killed a hell knight
  2341 | D        | Noticed an anaconda
  2345 | D        | Killed an anaconda
  2350 | D        | Received a gift from Trog
  2354 | D        | Noticed a deep elf annihilator
  2358 | D        | Noticed Polyphemus
  2359 | D        | Killed a deep elf annihilator
  2360 | D        | Received a gift from Trog
  2361 | D        | Noticed a vampire knight
  2364 | D        | Noticed an ettin
  2368 | D        | Killed a vampire knight
  2369 | D        | Noticed an orc warlord
  2372 | D        | Killed Polyphemus
  2373 | D        | Noticed Agnes
  2374 | D        | Killed an ettin
  2379 | D        | Killed Agnes
  2381 | D        | Killed an orc warlord
  2387 | D        | Received a gift from Trog
  2389 | D        | Received a gift from Trog
  2389 | D        | Reached XP level 13. HP: 45/99 MP: 5/15
  2423 | D        | Noticed an eidolon
  2429 | D        | Killed an eidolon
  2445 | D        | Received a gift from Trog
  2748 | D        | Identified the Reference Book on the Fiery Mountains (You found it in the Dungeon)
  2797 | D        | Noticed a dire elephant
  2797 | D        | Noticed Frederick
  2797 | D        | Noticed a deep elf master archer
  2798 | D        | Noticed an ice dragon
  2802 | D        | Killed a dire elephant
  2802 | D        | Received a gift from Trog
  2808 | D        | Killed a deep elf master archer
  2810 | D        | Killed Frederick
  2810 | D        | Reached skill level 15 in Armour
  2814 | D        | Killed an ice dragon
  2817 | D        | Received a gift from Trog
  2974 | D        | Noticed a stone giant
  2974 | D        | Noticed a green draconian
  2976 | D        | Noticed an ophan
  2977 | D        | Noticed an ophan
  2977 | D        | Noticed an angel
  2977 | D        | Noticed a frost giant
  2988 | D        | Killed an angel
  2988 | D        | Received a gift from Trog
  2993 | D        | Killed an ophan
  2995 | D        | Noticed a deep elf death mage
  2995 | D        | Killed a frost giant
  2995 | D        | Gained mutation: Your large and strong wings let you fly indefinitely. [Gargoyle growth]
  2995 | D        | Reached XP level 14. HP: 108/108 MP: 2/16
  2997 | D        | Killed a stone giant
  2999 | D        | Killed an ophan
  3003 | D        | Received a gift from Trog
  3022 | D        | Killed a green draconian
  3085 | D        | Noticed an angel
  3086 | D        | Noticed a titan
  3086 | D        | Noticed a deep elf blademaster
  3087 | D        | Noticed a greater mummy
  3090 | D        | Noticed a frost giant
  3093 | D        | Noticed a bone dragon
  3097 | D        | Killed a deep elf blademaster
  3098 | D        | Killed an angel
  3098 | D        | Received a gift from Trog
  3103 | D        | Killed a frost giant
  3103 | D        | Killed a titan
  3107 | D        | Killed a greater mummy
  3107 | D        | Received a gift from Trog
  3107 | D        | Noticed a reaper
  3115 | D        | Killed a bone dragon
  3118 | D        | Noticed an Executioner
  3119 | D        | Noticed an orc warlord
  3119 | D        | Received a gift from Trog
  3124 | D        | Noticed an Executioner
  3126 | D        | Noticed an acid blob
  3127 | D        | Noticed a storm dragon
  3130 | D        | Killed an Executioner
  3132 | D        | HP: 4/114 [Executioner (8)]
  3133 | D        | HP: 1/114 [Executioner/nerve-wracking pain (3)]
  3134 | D        | Splashed by an acid blob's acid

Skill      XL: |  1  2  3  4  5  6  7  8  9 10 11 12 13 14 |
---------------+-------------------------------------------+-----
Axes           | 3 4 6 7 9 10 12 14 16 18 20 21 23 | 23.2
Fighting       | 4 5 7 8 9 11 12 13 14 16 18 20 23 | 23.6
Dodging        | 2 3 4 5 6 7 8 9 |  9.2
Armour         | 3 4 5 6 7 9 11 13 16 18 | 18.1
Stealth        | 1 2 3 4 |  4.4
Evocations     | 1 2 |  2.6

Action                   |  1- 3 |  4- 6 |  7- 9 | 10-12 | 13-15 || total
-------------------------+-------+-------+-------+-------+-------++-------
Melee: Hand axe          |    20 |    19 |    26 |       |       ||    65
       War axe           |       |       |    39 |    91 |       ||   130
       Battleaxe         |       |       |       |    79 |   119 ||   198
       Executioner's axe |       |       |       |     8 |     1 ||     9
Invok: Berserk           |     1 |       |     3 |     3 |     3 ||    10
       Brothers in Arms  |       |       |     1 |     5 |     7 ||    13
 Abil: Evoke Ratskin     |       |       |       |     1 |       ||     1
  Use: Potion            |       |       |       |     4 |     7 ||    11
 Stab: Distracted        |       |       |       |       |     1 ||     1
  Eat: Chunk             |       |       |     2 |     7 |     4 ||    13
       Ration            |       |       |       |     1 |     2 ||     3
Armor: Animal skin       |     8 |       |       |       |       ||     8
       Ring mail         |     2 |     7 |     8 |       |       ||    17
       Chain mail        |       |       |    41 |   103 |       ||   144
       Plate armour      |       |       |       |    85 |   267 ||   352
       Skin              |       |       |       |     6 |       ||     6
Dodge: Dodged            |    20 |    12 |    43 |   166 |   135 ||   376
